 Dungeon Crawl Stone Soup version 0.31-a0-960-g0fca184906 (webtiles) character file.

Game seed: 11208758617761556477

576305 Forgeling the Hoplite (level 27, -13/230 HPs)
             Began as a Gnoll Reaver on Oct 23, 2023.
             Was a High Priest of Ashenzari.
             Collided with a metal wall (14 damage)
             ... caused by Bai Suzhen
             ... on level 4 of the Vaults on Oct 24, 2023.
             The game lasted 02:54:16 (63742 turns).

Forgeling the Hoplite (Gnoll Reaver)               Turns: 63742, Time: 02:54:16

Health: -13/230    AC: 17    Str: 12    XL:     27
Magic:  0/57       EV: 29    Int: 32    God:    Ashenzari [*****.]
Gold:   3187       SH: 22    Dex: 20    Spells: 5/69 levels left

rFire   + . .        a - +10 zealot's sword {holy, Zealotry, *Rage rN+ EV+3}
rCold   + + .        n - +3 kite shield "Share My Stickiness" {Contam +Inv rC++ Dex+3, Elem, Melee} (curse)
rNeg    + . .        O - +1 ring mail of the Shackled Seer {rPois rC- Regen+ Dex+3, Range, Fort} (curse)
rPois   +            q - +0 helmet of Toth-Mos's Legacy {Comp, Dev} (curse)
rElec   .            Z - scarf of the Restrained Seer {rC+ rF+, Elem, Bglg} (curse)
rCorr   +            W - +0 pair of gloves of Supernal Understanding {Will+ rCorr, Self, Range} (curse)
SInv    +            l - +0 pair of boots of Ashenzari's Mysticism {Melee, Alch} (curse)
Will    ++++.        p - amulet "All-seeing Rationality" {Spirit Will+ MP+9, Self, Fort} (curse)
Stlth   ++++         c - ring "Perceptive Fetters" {Wiz rCorr Int+3, Melee, Elem} (curse)
HPRegen 1.38/turn    t - ring "Burden of Ashenzari" {Int+6, Cun, Comp} (curse)
MPRegen 0.35/turn

%: clarity, guardian spirit, wizardry (x1)
@: very slightly contaminated, studying 5 skills, very slow
A: fangs 1, strong nose, distributed training
}: 3/15 runes: decaying, serpentine, slimy
a: Renounce Religion, Evoke Invisibility, Curse Item, Shatter the Chains


You were on level 4 of the Vaults.
You worshipped Ashenzari.
Ashenzari was extremely pleased with you.
You visited 11 branches of the dungeon, and saw 51 of its levels.
You visited 1 bazaar.
You also visited: Gauntlet, Ice Cave and Wizlab.

You collected 9084 gold pieces.
You spent 5897 gold pieces at shops.

Inventory:

Hand Weapons
 a - the +10 zealot's sword (weapon) {holy, Zealotry, *Rage rN+ EV+3}
   (You bought it in a shop in a bazaar)

   Zealotry:  Whenever the wielder enters a berserk rage, their allies are
   berserked alongside them.
   EV+3:      It affects your evasion (+3).
   rN+:       It protects you from negative energy.
   *Rage:     It berserks you when you make melee attacks (+20% chance).
Missiles
 b - 4 javelins
 o - a curare-tipped dart
 u - a throwing net
 w - 7 silver javelins (quivered)
Armour
 j - the +1 pair of boots of Vanity {*Corrode rC++}
   (You found it on level 5 of the Vaults)

   rC++:      It greatly protects you from cold.
   *Corrode:  It may corrode you when you take damage.
 l - the cursed +0 pair of boots of Ashenzari's Mysticism (worn) {Melee, Alch}
   (You found it on level 1 of the Dungeon)

   It has a curse which improves the following skills: Melee Combat: Short
   Blades, Long Blades, Axes, Maces & Flails, Polearms, Staves and Unarmed
   Combat.
   Alchemy:   Poison Magic and Transmutations.
 n - the cursed +3 kite shield "Share My Stickiness" (worn) {Contam +Inv rC++ Dex+3, Elem, Melee}
   (You took it off a gnoll sergeant on level 7 of the Dungeon)

   Dex+3:     It affects your dexterity (+3).
   rC++:      It greatly protects you from cold.
   +Inv:      It lets you turn invisible.
   Contam:    It causes magical contamination when unequipped.
   It has a curse which improves the following skills: Elements: Fire Magic, Ice
   Magic, Air Magic and Earth Magic.
   Melee Combat: Short Blades, Long Blades, Axes, Maces & Flails, Polearms,
   Staves and Unarmed Combat.
 q - the cursed +0 helmet of Toth-Mos's Legacy (worn) {Comp, Dev}
   (You found it on level 11 of the Dungeon)

   It has a curse which improves the following skills: Companions: Summonings
   and Necromancy.
   Devices:   Evocations and Shapeshifting.
 O - the cursed +1 ring mail of the Shackled Seer (worn) {rPois rC- Regen+ Dex+3, Range, Fort}
   (You found it on level 9 of the Dungeon)

   Dex+3:     It affects your dexterity (+3).
   rC-:       It makes you vulnerable to cold.
   rPois:     It protects you from poison Regen+: It increases your rate of
   health regeneration.
   It has a curse which improves the following skills: Ranged Combat: Ranged
   Weapons and Throwing.
   Fortitude: Armour and Shields.
 W - the cursed +0 pair of gloves of Supernal Understanding (worn) {Will+ rCorr, Self, Range}
   (You found it in a Gauntlet)

   Will+:     It increases your willpower.
   rCorr:     It protects you from acid and corrosion.
   It has a curse which improves the following skills: Introspection: Fighting
   and Spellcasting.
   Ranged Combat: Ranged Weapons and Throwing.
 Z - the cursed scarf of the Restrained Seer (worn) {rC+ rF+, Elem, Bglg}
   (You found it in a Gauntlet)

   It has a curse which improves the following skills: Elements: Fire Magic, Ice
   Magic, Air Magic and Earth Magic.
   Beguiling: Conjurations, Hexes and Translocations.
Jewellery
 c - the cursed ring "Perceptive Fetters" (left hand) {Wiz rCorr Int+3, Melee, Elem}
   (You acquired it on level 3 of the Depths)

   [ring of wizardry]

   Wiz:       It improves your spell success rate.
   Int+3:     It affects your intelligence (+3).
   rCorr:     It protects you from acid and corrosion.
   It has a curse which improves the following skills: Melee Combat: Short
   Blades, Long Blades, Axes, Maces & Flails, Polearms, Staves and Unarmed
   Combat.
   Elements:  Fire Magic, Ice Magic, Air Magic and Earth Magic.
 f - the amulet "Diogos" {Acrobat rF+}
   (You found it on level 5 of the Vaults)

   [amulet of the acrobat]

   Acrobat:   It increases your evasion while moving and waiting.
   rF+:       It protects you from fire.
 p - the cursed amulet "All-seeing Rationality" (around neck) {Spirit Will+ MP+9, Self, Fort}
   (You took it off a gnoll bouda on level 7 of the Dungeon)

   [amulet of guardian spirit]

   Spirit:    It causes incoming damage to be divided between your reserves of
   health and magic.
   Will+:     It increases your willpower.
   MP+9:      It affects your magic capacity (+9).
   It has a curse which improves the following skills: Introspection: Fighting
   and Spellcasting.
   Fortitude: Armour and Shields.
 t - the cursed ring "Burden of Ashenzari" (right hand) {Int+6, Cun, Comp}
   (You found it on level 3 of the Dungeon)

   [ring of intelligence]

   Int+6:     It affects your intelligence (+6).
   It has a curse which improves the following skills: Cunning: Dodging and
   Stealth.
   Companions: Summonings and Necromancy.
 L - the ring of Ucvumagg {rF+ rN++ Will++}
   (You acquired it on level 3 of the Elven Halls)

   [ring of protection from fire]

   rF+:       It protects you from fire.
   rN++:      It greatly protects you from negative energy.
   Will++:    It greatly increases your willpower.
Wands
 d - a wand of digging (2)
 e - a wand of charming (63)
 h - a wand of light (55)
 i - a wand of roots (41)
 y - a wand of mindburst (65)
Scrolls
 g - 4 scrolls of amnesia
 k - 7 scrolls of enchant armour
 D - 7 scrolls of blinking
 E - 10 scrolls of fear
 F - 11 scrolls of fog
 K - 6 scrolls of immolation
 P - 8 scrolls of poison
 S - 7 scrolls of summoning
 V - 9 scrolls of vulnerability
 X - 6 scrolls of revelation {@r4}
 Y - 23 scrolls of teleportation {@r3}
Potions
 x - 8 potions of enlightenment
 A - 5 potions of attraction
 B - 5 potions of brilliance
 C - 5 potions of cancellation
 G - 8 potions of ambrosia
 H - 9 potions of haste
 I - 6 potions of invisibility
 J - 27 potions of curing {@q1}
 M - 4 potions of might
 N - 4 potions of heal wounds {@q2}
 Q - 5 potions of magic
 R - 7 potions of resistance
 U - 10 potions of mutation
Miscellaneous
 m - a phantom mirror (inert)
 r - a phial of floods
 s - a tin of tremorstones (2/2)
 v - a lightning rod (4/4)
 z - a box of beasts


   Skills:
 + Level 18.7(21.6) Fighting
 + Level 19.2(23.1) Short Blades
 + Level 18.2(22.1) Long Blades
 + Level 18.2(22.1) Axes
 + Level 18.2(22.1) Maces & Flails
 + Level 18.2(22.1) Polearms
 + Level 23.2(26.9) Staves
 + Level 18.2(21.2) Ranged Weapons
 + Level 18.2(21.2) Throwing
 + Level 20.8(23.6) Armour
 + Level 22.1(23.9) Dodging
 + Level 18.2(20.2) Stealth
 + Level 23.3(26.0) Shields
 + Level 18.2(22.1) Unarmed Combat
 + Level 18.8(21.7) Spellcasting
 + Level 16.4(18.4) Conjurations
 + Level 15.5(17.6) Hexes
 + Level 15.5(18.6) Summonings
 + Level 15.5(18.6) Necromancy
 + Level 15.5(17.6) Translocations
 + Level 15.5(17.6) Transmutations
 + Level 15.5(19.6) Fire Magic
 + Level 19.2(23.1) Ice Magic
 + Level 15.5(19.6) Air Magic
 + Level 15.5(19.6) Earth Magic
 + Level 15.5(17.6) Poison Magic
 + Level 19.7 Invocations
 + Level 18.2(20.2) Evocations
 + Level 16.8(18.8) Shapeshifting


You had 5 spell levels left.
You knew the following spells:

 Your Spells              Type           Power      Damage    Failure   Level
a - Maxwell's Capacitive  Air            51%        ∞         1%          8
c - Borgnjor's Vile Clut  Necr/Erth      51%        N/A       0%          5
e - Shatter               Erth           51%        3d39*     19%         9
g - Orb of Destruction    Conj           50%        9d13      1%          7
h - Haunt                 Necr/Summ      50%        N/A       1%          7
o - Dispersal             Tloc           49%        N/A       1%          6
r - Dispel Undead         Necr           100%       3d31      0%          4
t - Discord               Hex            49%        N/A       2%          8
w - Yara's Violent Unrav  Hex/Tmut       49%        3d19      1%          5
y - Irradiate             Conj/Tmut      50%        3d28      1%          5

Your spell library contained the following spells:

 Spells                   Type           Power      Damage    Failure   Level
 Apportation              Tloc           100%       N/A       0%          1
 Foxfire                  Conj/Fire      100%       2x1d9     0%          1
 Freeze                   Ice            100%       1d10      0%          1
 Kiss of Death            Conj/Necr      100%       2d13      0%          1
 Magic Dart               Conj           100%       1d8       0%          1
 Necrotise                Necr           100%       1d9       0%          1
 Sandblast                Erth           100%       2d20      0%          1
 Shock                    Conj/Air       100%       1d9       0%          1
 Sting                    Tmut/Pois      100%       1d8       0%          1
 Summon Small Mammal      Summ           100%       N/A       0%          1
 Blink                    Tloc           100%       N/A       0%          2
 Call Imp                 Summ           100%       N/A       0%          2
 Cigotuvi's Dreadful Rot  Necr/Pois/Air  100%       N/A       0%          2
 Ensorcelled Hibernation  Hex/Ice        100%       N/A       0%          2
 Jinxbite                 Hex            100%       N/A       0%          2
 Lesser Beckoning         Tloc           100%       N/A       0%          2
 Momentum Strike          Conj/Tloc      100%       3d10      0%          2
 Poisonous Vapours        Pois/Air       100%       N/A       0%          2
 Scorch                   Fire           100%       2d9       0%          2
 Searing Ray              Conj           100%       2d8       0%          2
 Static Discharge         Conj/Air       100%       3-8/arc   0%          2
 Sublimation of Blood     Necr           100%       N/A       0%          2
 Wereblood                Tmut           99%        N/A       0%          2
 Confusing Touch          Hex            99%        N/A       0%          3
 Dazzling Flash           Conj/Hex       100%       N/A       0%          3
 Frozen Ramparts          Ice            100%       1d16      0%          3
 Gell's Gravitas          Tloc           99%        N/A       0%          3
 Hailstorm                Conj/Ice       100%       3d20      0%          3
 Ignite Poison            Fire/Tmut/Pois 100%       N/A       0%          3
 Mephitic Cloud           Conj/Pois/Air  100%       N/A       0%          3
 Stone Arrow              Conj/Erth      100%       3d13      0%          3
 Summon Guardian Golem    Hex/Summ       100%       N/A       0%          3
 Swiftness                Air            100%       N/A       0%          3
 Teleport Other           Tloc           99%        N/A       0%          3
 Tukima's Dance           Hex            99%        N/A       0%          3
 Volatile Blastmotes      Fire/Tloc      100%       2d18      0%          3
 Airstrike                Air            51%        2d(8-24)  0%          4
 Anguish                  Hex/Necr       50%        N/A       0%          4
 Animate Armour           Summ/Erth      100%       N/A       0%          4
 Flame Wave               Conj/Fire      100%       2d21      0%          4
 Fulminant Prism          Conj/Hex       50%        3d22      0%          4
 Leda's Liquefaction      Hex/Erth       50%        N/A       0%          4
 Manifold Assault         Tloc           99%        N/A       0%          4
 Olgreb's Toxic Radiance  Pois           99%        N/A       0%          4
 Passage of Golubria      Tloc           99%        N/A       0%          4
 Petrify                  Tmut/Erth      100%       N/A       0%          4
 Summon Ice Beast         Ice/Summ       100%       N/A       0%          4
 Summon Lightning Spire   Summ/Air       100%       N/A       0%          4
 Vhi's Electric Charge    Tloc/Air       100%       N/A       0%          4
 Fireball                 Conj/Fire      51%        3d20      0%          5
 Freezing Cloud           Conj/Ice/Air   52%        6-21      0%          5
 Iskenderun's Battlesphe  Conj           100%       2d15      0%          5
 Lee's Rapid Deconstruct  Erth           51%        3d24*     0%          5
 Metabolic Englaciation   Hex/Ice        52%        N/A       0%          5
 Summon Forest            Summ/Tloc      50%        N/A       0%          5
 Summon Mana Viper        Hex/Summ       100%       N/A       0%          5
 Alistair's Intoxication  Tmut/Pois      66%        N/A       1%          5
 Bombard                  Conj/Erth      51%        9d9       1%          6
 Conjure Ball Lightning   Conj/Air       51%        3x3d18    1%          6
 Death Channel            Necr           50%        N/A       1%          6
 Eringya's Noxious Bog    Tmut/Pois      49%        4d6       1%          6
 Plasma Beam              Fire/Air       51%        2x1d66    1%          6
 Simulacrum               Ice/Necr       53%        N/A       1%          6
 Starburst                Conj/Fire      51%        6d14      1%          6
 Summon Cactus Giant      Summ           50%        N/A       1%          6
 Spellforged Servitor     Conj/Summ      50%        N/A       1%          7
 Summon Hydra             Summ           50%        N/A       1%          7
 Borgnjor's Revivificati  Necr           50%        N/A       1%          8
 Ignition                 Fire           51%        3d14      1%          8
 Lehudib's Crystal Spear  Conj/Erth      51%        10d12     1%          8
 Disjunction              Tloc           49%        N/A       2%          8
 Death's Door             Necr           50%        N/A       26%         9


Dungeon Overview and Level Annotations

Branches:
Dungeon (15/15)            Temple (1/1) D:7            Lair (5/5) D:8
  Swamp (4/4) Lair:3        Snake (4/4) Lair:3        Slime (5/5) Lair:5
    Orc (2/2) D:9             Elf (3/3) Orc:2        Vaults (5/5) D:13
  Crypt (3/3) Vaults:3       Tomb (0/3) Crypt:3      Depths (4/4) D:15
    Zot (0/5) Depths:4      IceCv (visited)          WizLab (visited)
Gauntlet (visited)

Altars:
Ashenzari
Cheibriados
Dithmenos
Elyvilon
Fedhas
Gozag
Hepliaklqana
Kikubaaqudgha
Makhleb
Nemelex Xobeh
Okawaru
Qazlal
Ru
Sif Muna
Trog
Uskayaw
Vehumet
Wu Jian
Xom
Yredelemnul
Zin
The Shining One
Jiyva
Lugonu

Shops:
D:2 (   D:5 =   D:12 *   D:13 *   Orc:2 ?([=   Elf:2 =   Elf:3 [?(*[
Snake:1 ::=   Snake:2 **:   Snake:3 (   Vaults:2 =   Vaults:3 (   Depths:1 (

Portals:
Hell: Depths:1 Depths:2 Depths:3 Depths:4
Abyss: Depths:3
Pandemonium: Depths:2 Depths:4
Ziggurat: Depths:3

Annotations:
Vaults:4 Bai Suzhen


Innate Abilities, Weirdness & Mutations

You have very sharp teeth.
Your uncanny sense of smell can sniff out nearby items.
Your experience applies equally to all skills.


Message History

You hold your ground!
Bai Suzhen bites the four-headed hydra!
Bai Suzhen claws the four-headed hydra!
Bai Suzhen tramples the four-headed hydra!
The four-headed hydra holds its ground!
The four-headed hydra completely misses Bai Suzhen.
The four-headed hydra bites Bai Suzhen.
You slash Bai Suzhen! You bite Bai Suzhen, but do no damage.
Bai Suzhen is heavily wounded.
Bai Suzhen bites the four-headed hydra!
Bai Suzhen barely misses the four-headed hydra.
Bai Suzhen tramples the four-headed hydra!
The four-headed hydra holds its ground!
The four-headed hydra is engulfed in a thunderstorm.
The four-headed hydra dies!
The four-headed hydra's corpse disappears in a puff of smoke!
Your unstable footing causes you to fumble your attack.
Your unstable footing causes you to fumble your attack.
The zombie hands constrict Bai Suzhen, but do no damage.
You slice Bai Suzhen!! You bite Bai Suzhen, but do no damage.
Bai Suzhen is severely wounded.
You are engulfed in a thunderstorm.
* * * LOW HITPOINT WARNING * * *
The zombie hands constrict Bai Suzhen, but do no damage.
Bai Suzhen bites Bai Suzhen.
You hit Bai Suzhen but do no damage. You bite Bai Suzhen, but do no damage.
Bai Suzhen is severely wounded.
You are engulfed in a thunderstorm.
* * * LOW HITPOINT WARNING * * *
You feel much better.
You are engulfed in a thunderstorm.
* * * LOW HITPOINT WARNING * * *
Bai Suzhen completely misses Bai Suzhen.
You feel much better.
You are engulfed in a thunderstorm.
* * * LOW HITPOINT WARNING * * *
The zombie hands constrict Bai Suzhen, but do no damage.
Bai Suzhen breathes water at you. The torrent of water hits you!!
* * * LOW HITPOINT WARNING * * *
You are knocked back by the torrent of water.
You slam into the metal wall!
You die...

'..########'####'###....##.......
..##.............# #..[.#.....#'#
.###.###.###.###.###...##..).##..
## #.#9#.#H#.#e#.##....#....##...
# #.###.###.###.##....#....#....
#.............##....#....#....
####'##############'########'#
#...#.#.§DD#....=.# #......
#...#.#.§§@#......# #.....)
#...#.##'###......# #......
#...#......#......# #......
#...#......#####'## #......
###'#'#[..........# #......
#.....#.####.##'### #......
#.....#.'..#.#....# ######'
#.....#.#..#.#....# ##)
#.....#.#..#.#....# #..


You could see Bai Suzhen (clouds, catching breath, clutched, ally target) and
the friendly Bai Suzhen (summoned, clouds, drained).

Vanquished Creatures
  the Royal Jelly (Slime:5)
  An ancient lich (Vaults:5)
  A juggernaut (Depths:4)
  Saint Roka (Orc:2)
  The ghost of Ziugimmo the Tortoise, a veteran AtMo of Elyvilon (Vaults:3)
  4 golden dragons
  Norris (Vaults:2)
  2 tentacled monstrosities
  Zenata (Vaults:3)
  Mlioglotl (Swamp:1)
  Asterion (Depths:1)
  2 liches
  6 titans
  2 quicksilver dragons
  7 acid blobs
  A deep elf blademaster (Elf:3)
  4 deep elf master archers (Elf:3)
  5 sphinxes
  The ghost of Feshunla the Bewitcher, an adept KoEn of Dithmenos (Vaults:4)
  5 ancient champions
  4 shadow dragons
  A tentacled starspawn (WizLab)
  A thorn hunter (Swamp:4)
  The ghost of Pisudum the Peltast, an adept DgFi (Snake:3)
  A storm dragon (Vaults:5)
  8 tengu reavers
  2 revenants (Crypt:3)
  The ghost of Newt the Crack Shot, an adept KoHu of Hepliaklqana (Swamp:3)
  9 nagarajas
  4 azure jellies
  2 caustic shrike zombies
  4 deep elf elementalists
  A balrug (Depths:3)
  A ghost moth (Crypt:3)
  10 frost giants
  7 deep elf sorcerers
  17 vault wardens
  4 curse skulls
  3 fire giants
  The ghost of Ocy Usko the Cloud Mage, an adept TeAE of Hepliaklqana (Snake:2)
  The ghost of Quegolalo the Cloud Mage, an adept TeAE of Hepliaklqana (Snake:3)
  The ghost of Qich the Severer, a journeyman MiFi of Okawaru (Snake:3)
  4 ghouls
  An orc warlord (Orc:1)
  4 draconian stormcallers (Depths:4)
  17 ironbound preservers
  2 spriggan defenders
  2 war gargoyles
  4 demonspawn corrupters (WizLab)
  3 reapers
  13 very ugly things
  A cacodemon (Depths:2)
  12 ironbound thunderhulks
  3 quicksilver oozes
  6 formless jellyfish
  8 vampire knights
  19 stone giants
  7 deep elf demonologists (Elf:3)
  A white draconian (IceCv)
  6 eleionomae
  A yellow draconian (Depths:4)
  8 deep elf annihilators
  A minotaur (Gauntlet)
  2 spectral titans (Crypt:3)
  7 bunyips
  4 spark wasps (Depths:2)
  2 red draconians (Depths:4)
  6 dire elephants
  4 blizzard demons (Depths:3)
  7 jiangshi
  A fire dragon (Depths:4)
  6 deep elf death magi
  8 eidola
  8 ettins
  A merfolk javelineer (Depths:4)
  19 yaktaur captains
  3 spectral quicksilver dragons (Crypt:3)
  14 great orbs of eyes
  Josephine (Lair:4)
  8 deep elf high priests
  2 spriggan zombies
  An entropy weaver (WizLab)
  Erolcha (Orc:1)
  8 ice dragons
  A salamander tyrant (Elf:2)
  5 vault guards
  3 rakshasas
  4 ghost crabs
  A peacekeeper (Vaults:4)
  21 ironbound frosthearts
  3 catoblepae
  A spriggan skeleton (Crypt:2)
  12 centaur warriors
  A merfolk avatar (Lair:5)
  A caustic shrike simulacrum (Crypt:3)
  A juggernaut simulacrum (Crypt:3)
  7 spriggan air magi
  8 anacondas
  24 hydras
  2 ogre magi (Vaults:5)
  11 alligators
  An Orb Guardian skeleton (Crypt:1)
  3 death knights
  7 boulder beetles
  26 dancing weapons
  A merfolk aquamancer (WizLab)
  2 two-headed ogres (D:12)
  5 death yaks
  4 deep troll earth magi
  6 spectral storm dragons (Crypt:3)
  6 occultists (WizLab)
  5 naga sharpshooters
  A spectral dire elephant (Crypt:3)
  21 naga warriors
  3 vampire magi
  5 spriggan berserkers (Depths:3)
  8 tengu warriors
  5 orc high priests
  4 soul eaters
  3 sun demons
  7 shock serpents
  5 spriggans
  12 deep elf knights
  3 skysharks
  3 hell knights
  A sixfirhy (Depths:2)
  10 shadow wraiths
  A bunyip zombie (Crypt:1)
  3 salamander mystics
  2 goliath frogs
  2 iron trolls
  18 skeletal warriors
  A spectral death yak (Lair:3)
  A sea snake (Lair:5)
  49 deep trolls
  12 flayed ghosts
  4 spriggan druids
  13 swamp dragons
  A spectral hydra (Lair:3)
  3 orange crystal statues
  15 deep elf archers
  2 glowing orange brains
  10 arcanists
  11 phantasmal warriors
  8 bog bodies
  A naga ritualist (Snake:4)
  7 orc knights
  13 lindwurms
  3 human zombies
  33 deep elf zephyrmancers
  A harpy (Lair:5)
  9 necromancers
  4 mana vipers
  5 orc sorcerers
  24 deep elf pyromancers
  27 ugly things
  19 ironbound convokers
  7 will-o-the-wisps
  A wolf spider (Vaults:5)
  A shining eye (Slime:3)
  2 manticores (D:11)
  A moth of wrath (Lair:5)
  A fire giant zombie (Vaults:2)
  3 worldbinders (WizLab)
  2 human skeletons (Vaults:1)
  4 spectral centaurs (Crypt:3)
  16 salamanders
  3 cyclopes
  A faun (shapeshifter) (Depths:3)
  An iron dragon skeleton (Crypt:1)
  A spectral alligator snapping turtle (Crypt:3)
  9 guardian serpents
  16 elephants
  29 black mambas
  18 vault sentinels
  2 naga zombies (Crypt:3)
  Maurice (D:11)
  2 eyes of devastation
  An ice statue (Snake:3)
  2 water nymphs (WizLab)
  13 naga magi
  2 smoke demons
  2 orange demons (D:9)
  A water nymph (shapeshifter) (Elf:2)
  A torpor snail (Lair:1)
  8 cane toads
  3 centaur skeletons
  A grey draconian zombie (Crypt:3)
  An iron troll zombie (Crypt:3)
  A rime drake (shapeshifter) (D:13)
  A komodo dragon (shapeshifter) (D:15)
  14 rime drakes
  A steelbarb worm zombie (Crypt:1)
  A torpor snail (shapeshifter) (Depths:2)
  34 yaktaurs
  A yaktaur zombie (Vaults:1)
  A white draconian zombie (Crypt:1)
  9 komodo dragons
  An efreet (D:14)
  3 dire elephant skeletons
  A red devil (D:9)
  A tormentor (Depths:4)
  2 unseen horrors
  13 freezing wraiths (Crypt:3)
  A green draconian skeleton (Crypt:2)
  An ice devil (D:9)
  2 tengu conjurers (D:13)
  2 spectral harpies (Crypt:3)
  5 polar bears
  13 trolls
  2 guardian mummies (Crypt:3)
  A death drake zombie (Crypt:2)
  5 hornets
  2 bloated husks
  2 meliai (D:14)
  6 tyrant leeches
  2 harpy zombies
  A dream sheep (Lair:3)
  Grinder (D:3)
  A guardian serpent zombie (Crypt:3)
  A spectral dream sheep (Lair:3)
  6 glass eyes
  4 blink frogs
  A harpy skeleton (Crypt:3)
  An ice dragon zombie (Crypt:2)
  66 slime creatures
  An ettin skeleton (Crypt:2)
  A spectral elephant (Lair:3)
  4 ynoxinuls
  A centaur simulacrum (D:15)
  6 air elementals
  10 water elementals
  10 wraiths
  A vampire (D:11)
  3 fire elementals
  4 shadows
  A fire bat (shapeshifter) (Vaults:5)
  33 yaks
  3 basilisks
  6 wyverns
  An elf skeleton (Vaults:2)
  Eustachio (D:5)
  4 steam dragons
  2 human simulacra (Vaults:2)
  6 vampire mosquitoes
  14 swamp worms
  2 ogre zombies
  3 acid dragons
  2 harpy simulacra
  3 wargs
  36 nagas
  Edmund (D:4)
  12 water moccasins
  4 swamp drakes (Swamp:4)
  A demonspawn skeleton (Crypt:3)
  A glowing shapeshifter skeleton (Vaults:2)
  46 orc warriors
  2 spectral blink frogs (Lair:3)
  2 ettin simulacra (Crypt:3)
  An ice beast (D:7)
  A black bear (D:5)
  5 ogres
  10 boggarts
  A sky beast (D:6)
  8 wolves
  11 centaurs
  2 swamp dragon skeletons (Crypt:1)
  3 phantoms
  A torpor snail zombie (Crypt:3)
  2 kobold brigands
  A salamander zombie (Crypt:1)
  A draconian zombie (Crypt:3)
  5 bullfrogs
  3 gnoll sergeants
  2 earth elementals
  A komodo dragon zombie (Crypt:3)
  7 necrophages
  Blork the orc (D:4)
  3 scorpions
  3 naga simulacra
  17 wights
  3 jellies
  A hornet simulacrum (D:15)
  A shapeshifter zombie (Crypt:2)
  8 killer bees
  7 howler monkeys
  2 electric eels (D:15)
  A polar bear skeleton (Crypt:3)
  A bullfrog zombie (Crypt:1)
  2 quasits (D:9)
  A gnoll bouda (D:7)
  A hound (D:4)
  27 orc priests
  Crazy Yiuf (D:5)
  A sleepcap (D:5)
  Terence (D:3)
  4 iguanas
  Natasha (thrice) (D:3)
  33 orc wizards
  6 hell rats
  A tengu zombie (Crypt:2)
  5 gnolls
  A river rat (D:8)
  9 adders
  2 white imps (Gauntlet)
  4 ufetubi (D:6)
  3 worms
  9 dart slugs
  97 orcs
  5 endoplasms
  5 giant cockroaches
  6 goblins
  9 hobgoblins
  A jackal (D:1)
  A quokka (D:1)
  13 ball pythons
  A ball python skeleton (Crypt:1)
  A ball python zombie (Crypt:1)
  3 bats
  4 frilled lizards
  16 kobolds
  7 rats
  A starspawn tentacle (WizLab)
1923 creatures vanquished.

Vanquished Creatures (collateral kills)
  A lich (Crypt:2)
  A walking crystal tome (Depths:3)
  9 acid blobs
  An ancient champion (Crypt:2)
  A shadow dragon (Vaults:5)
  3 nagarajas (Snake:4)
  An azure jelly (Slime:5)
  A storm dragon (Vaults:5)
  2 revenants (Crypt:2)
  5 rockslimes (Slime:5)
  An ironbound preserver (Vaults:5)
  9 very ugly things
  2 formless jellyfish (Slime:4)
  3 stone giants
  9 quicksilver oozes (Slime:5)
  2 vampire knights (Crypt:2)
  A spark wasp (Depths:2)
  A purple draconian (Depths:4)
  2 ettins
  An eidolon (Crypt:2)
  2 jiangshi (Crypt:2)
  A deep elf high priest (Vaults:5)
  2 fire dragons (Depths:4)
  A yaktaur captain (Vaults:5)
  An entropy weaver (Vaults:5)
  7 ice dragons
  2 great orbs of eyes (Slime:5)
  2 hydras
  23 vault guards (Vaults:5)
  A spriggan air mage (Depths:1)
  2 rakshasas
  2 anacondas (Snake:4)
  An ogre mage (Vaults:5)
  A ghost crab (Swamp:4)
  3 boulder beetles (Depths:1)
  5 deep troll earth magi
  4 deep troll shamans
  A tengu warrior (Depths:3)
  A death yak (Lair:1)
  6 vampire magi
  2 spriggan berserkers
  2 naga sharpshooters (Snake:1)
  3 naga warriors
  A spriggan (Depths:2)
  4 iron trolls
  2 sea snakes (shapeshifter) (Vaults:5)
  5 skeletal warriors (Crypt:2)
  3 naga ritualists (Snake:1)
  9 deep trolls
  4 flayed ghosts (Crypt:2)
  A swamp dragon (Swamp:4)
  An ironbound convoker (Vaults:5)
  An orb spider (Depths:1)
  2 necromancers
  2 orc knights
  2 phantasmal warriors
  5 salamanders
  An orc sorcerer (Orc:1)
  28 ugly things
  4 black mambas
  A guardian serpent (Snake:3)
  3 naga magi
  7 elephants
  A vault sentinel (Vaults:5)
  A torpor snail (Lair:3)
  A spriggan zombie (Depths:1)
  5 cane toads
  3 yaktaurs (Vaults:5)
  3 komodo dragons
  A freezing wraith (Crypt:2)
  3 rime drakes (IceCv)
  A meliai (D:14)
  5 polar bears
  2 hornets
  2 dream sheep (shapeshifter) (Vaults:5)
  A dream sheep (Lair:3)
  A snapping turtle (Lair:5)
  2 blink frogs (Lair:5)
  39 slime creatures
  2 flying skulls (Crypt:2)
  An ettin skeleton (Depths:1)
  3 wyverns
  12 yaks
  A wraith (Crypt:2)
  2 golden eyes (Slime:5)
  A steam dragon (Lair:3)
  A warg (Orc:1)
  14 nagas
  2 water moccasins (Lair:3)
  2 swamp drakes (Swamp:4)
  A tengu skeleton (Depths:1)
  8 orc warriors
  A wolf (Lair:2)
  3 gnoll sergeants (D:7)
  A warg skeleton (Crypt:2)
  A howler monkey (D:14)
  2 orc priests (Orc:2)
  2 orc wizards (Orc:2)
  A deep dwarf skeleton (Crypt:2)
  7 gnolls (D:7)
  The ghost of tinfoiltophat the Grasshopper, a weakling SpWr (D:7)
  20 orcs
  A spectral weapon (Vaults:5)
378 creatures vanquished.

Vanquished Creatures (others)
  A fire giant (Depths:1)
  3 rockslimes (Slime:5)
  2 azure jellies
  A ghoul (Crypt:2)
  2 very ugly things
  3 spark wasps (Depths:2)
  An ettin (Vaults:5)
  A yaktaur captain (Vaults:5)
  A vault guard (Vaults:5)
  A deep troll shaman (Depths:3)
  A spriggan berserker (Depths:2)
  2 deep elf knights
  A deep troll (Depths:3)
  A spriggan druid (Swamp:4)
  A necromancer (Depths:1)
  An ugly thing (Depths:1)
  A guardian serpent (Snake:4)
  A yaktaur (Vaults:5)
  A hornet (shapeshifter) (Vaults:5)
  5 slime creatures
  A flying skull (Crypt:2)
  2 ynoxinuls (Depths:3)
  A gnoll (D:7)
  15 foxfires
  3 starspawn tentacles (WizLab)
53 creatures vanquished.

Grand Total: 2354 creatures vanquished

Notes
Turn   | Place    | Note
-------+----------+-------------------------------------------
     0 | D:1      | Forgeling the Gnoll Reaver began the quest for the Orb.
     0 | D:1      | Reached XP level 1. HP: 20/20 MP: 6/6
   223 | D:1      | Reached XP level 2. HP: 26/26 MP: 7/7
   723 | D:1      | Reached skill level 5 in Spellcasting
   723 | D:1      | Reached XP level 3. HP: 31/31 MP: 7/9
   726 | D:1      | Learned a level 2 spell: Momentum Strike
  1055 | D:2      | Reached skill level 1 in Invocations
  1121 | D:2      | Reached skill level 1 in Long Blades
  1121 | D:2      | Reached skill level 1 in Axes
  1121 | D:2      | Reached skill level 1 in Maces & Flails
  1121 | D:2      | Reached skill level 1 in Polearms
  1121 | D:2      | Reached skill level 1 in Staves
  1121 | D:2      | Reached skill level 1 in Ranged Weapons
  1121 | D:2      | Reached skill level 1 in Throwing
  1121 | D:2      | Reached skill level 1 in Armour
  1121 | D:2      | Reached skill level 1 in Stealth
  1121 | D:2      | Reached skill level 1 in Shields
  1121 | D:2      | Reached skill level 1 in Unarmed Combat
  1121 | D:2      | Reached skill level 1 in Evocations
  1143 | D:2      | Reached skill level 1 in Shapeshifting
  1143 | D:2      | Reached XP level 4. HP: 38/38 MP: 6/11
  1215 | D:2      | Found a sacrificial altar of Ru.
  1382 | D:2      | Found a faded altar of an unknown god.
  1433 | D:2      | Reached skill level 1 in Hexes
  1433 | D:2      | Reached skill level 1 in Summonings
  1433 | D:2      | Reached skill level 1 in Necromancy
  1433 | D:2      | Reached skill level 1 in Translocations
  1433 | D:2      | Reached skill level 1 in Transmutations
  1433 | D:2      | Reached skill level 1 in Fire Magic
  1433 | D:2      | Reached skill level 1 in Ice Magic
  1433 | D:2      | Reached skill level 1 in Air Magic
  1433 | D:2      | Reached skill level 1 in Earth Magic
  1433 | D:2      | Reached skill level 1 in Poison Magic
  1495 | D:2      | Found Gunanetz's Antique Weapon Emporium.
  2056 | D:3      | Learned a level 3 spell: Hailstorm
  2264 | D:3      | Reached XP level 5. HP: 37/43 MP: 9/12
  2406 | D:3      | Noticed Natasha
  2460 | D:3      | Killed Natasha
  2636 | D:3      | Noticed Terence
  2709 | D:3      | Killed Terence
  2897 | D:3      | Noticed Grinder
  2904 | D:3      | Paralysed by Grinder for 2 turns
  2912 | D:3      | Killed Grinder
  2913 | D:3      | Reached skill level 5 in Fighting
  2913 | D:3      | Reached skill level 5 in Dodging
  2913 | D:3      | Reached XP level 6. HP: 37/51 MP: 7/14
  3036 | D:3      | Noticed Natasha
  3053 | D:3      | Killed Natasha
  3190 | D:3      | Reached XP level 7. HP: 56/56 MP: 15/15
  3282 | D:3      | Noticed Natasha
  3285 | D:3      | Killed Natasha
  3398 | D:4      | Learned a level 3 spell: Mephitic Cloud
  3518 | D:4      | Noticed Edmund
  3668 | D:4      | Killed Edmund
  3756 | D:4      | Found a white marble altar of Elyvilon.
  4021 | D:4      | Noticed Blork the orc
  4104 | D:4      | Killed Blork the orc
  4105 | D:4      | Reached XP level 8. HP: 55/63 MP: 6/16
  4720 | D:5      | Entered Level 5 of the Dungeon
  5309 | D:5      | Noticed Eustachio
  5462 | D:5      | Found a runed translucent door.
  5463 | D:5      | Noticed Crazy Yiuf
  5487 | D:5      | Found Raoskirph's Jewellery Shop.
  5510 | D:5      | Killed Eustachio
  5910 | D:5      | Killed Crazy Yiuf
  6410 | D:6      | Reached XP level 9. HP: 63/65 MP: 9/18
  6986 | D:7      | Found a staircase to the Ecumenical Temple.
  6996 | Temple   | Entered the Ecumenical Temple
  7009 | Temple   | Became a worshipper of Ashenzari the Shackled
  7818 | D:7      | Found a glowing golden altar of the Shining One.
  7847 | D:7      | Reached skill level 5 in Invocations
  8350 | D:7      | Identified the amulet of New Discoveries {Spirit Will+
                  | MP+9}
  8355 | D:7      | Found a transporter.
  8365 | D:7      | Identified the +7 spear of Amorality {elec, +Blink rF+ rN+
                  | rCorr}
  8365 | D:7      | Identified the +3 kite shield "Jasuizxohia" {Contam +Inv
                  | rC++ Dex+3}
  8368 | D:7      | Noticed tinfoiltophat's ghost (weakling SpWr)
  8414 | D:7      | Found a transporter.
  8877 | D:8      | Noticed a death yak
  8878 | D:8      | Found a staircase to the Lair.
  8878 | D:8      | Noticed a death yak
  8879 | D:8      | Noticed a death yak
  8889 | D:8      | Reached XP level 10. HP: 45/77 MP: 14/20
  8900 | D:8      | Killed a death yak
  8901 | D:8      | Reached skill level 5 in Long Blades
  8901 | D:8      | Reached skill level 5 in Axes
  8901 | D:8      | Reached skill level 5 in Maces & Flails
  8901 | D:8      | Reached skill level 5 in Polearms
  8901 | D:8      | Reached skill level 5 in Staves
  8901 | D:8      | Reached skill level 5 in Ranged Weapons
  8901 | D:8      | Reached skill level 5 in Throwing
  8901 | D:8      | Reached skill level 5 in Armour
  8901 | D:8      | Reached skill level 5 in Stealth
  8901 | D:8      | Reached skill level 5 in Shields
  8901 | D:8      | Reached skill level 5 in Unarmed Combat
  8901 | D:8      | Reached skill level 5 in Evocations
  9156 | D:8      | Found a glowing silver altar of Zin.
  9366 | D:8      | Reached skill level 5 in Hexes
  9366 | D:8      | Reached skill level 5 in Summonings
  9366 | D:8      | Reached skill level 5 in Necromancy
  9366 | D:8      | Reached skill level 5 in Translocations
  9366 | D:8      | Reached skill level 5 in Transmutations
  9366 | D:8      | Reached skill level 5 in Fire Magic
  9366 | D:8      | Reached skill level 5 in Ice Magic
  9366 | D:8      | Reached skill level 5 in Air Magic
  9366 | D:8      | Reached skill level 5 in Earth Magic
  9366 | D:8      | Reached skill level 5 in Poison Magic
  9366 | D:8      | Reached skill level 5 in Shapeshifting
  9366 | D:8      | Reached XP level 11. HP: 85/86 MP: 20/23
  9373 | D:8      | Learned a level 5 spell: Freezing Cloud
  9587 | D:8      | Reached * piety under Ashenzari
  9587 | D:8      | Identified a scroll of acquirement
  9830 | D:9      | Found a snail-covered altar of Cheibriados.
  9889 | D:9      | Identified the +1 ring mail "Uzuliklo" {rPois rC- Regen+
                  | Dex+3}
 10039 | D:5      | Bought the ring "Fovucoo" {rC+ Will+ rCorr} for 435 gold
                  | pieces
 10058 | D:5      | Acquired the amulet of the Death Scarab {rElec rF- Regen+
                  | Slay+6 SInv}
 10728 | D:9      | Reached ** piety under Ashenzari
 11033 | D:9      | Found a shimmering altar of Xom.
 11497 | D:9      | Found a staircase to the Orcish Mines.
 11671 | D:9      | Noticed a soul eater
 11688 | D:10     | Identified the of Pokk
 11688 | D:10     | Identified the "Kouts"
 11688 | D:10     | Identified the "Gubyrips"
 11688 | D:10     | Entered Level 10 of the Dungeon
 11954 | D:10     | Found a radiant altar of Vehumet.
 11962 | D:10     | Found an ancient bone altar of Kikubaaqudgha.
 11972 | D:10     | Found a shimmering blue altar of Sif Muna.
 12075 | D:10     | Reached *** piety under Ashenzari
 12159 | D:10     | Reached XP level 12. HP: 90/90 MP: 13/24
 12238 | D:10     | Found a burning altar of Makhleb.
 12256 | D:10     | Found a bloodstained altar of Trog.
 12299 | D:10     | Found an opulent altar of Gozag.
 12581 | D:11     | Noticed Maurice
 12584 | D:11     | Killed Maurice
 12590 | D:11     | Learned a level 4 spell: Dispel Undead
 12607 | D:11     | Identified the maw talisman of the Moon {Str+3 SInv}
 12626 | D:11     | Noticed a boulder beetle
 12633 | D:11     | Killed a boulder beetle
 12645 | D:11     | Reached skill level 10 in Short Blades
 12685 | D:11     | Noticed a five-headed hydra
 12794 | D:11     | Reached **** piety under Ashenzari
 13114 | D:11     | Killed a five-headed hydra
 14073 | Lair:1   | Entered Level 1 of the Lair of Beasts
 14182 | Lair:1   | Noticed a death yak
 14182 | Lair:1   | Noticed a death yak
 14182 | Lair:1   | Noticed a death yak
 14295 | Lair:2   | Learned a level 4 spell: Summon Lightning Spire
 14348 | Lair:2   | Reached XP level 13. HP: 79/101 MP: 22/26
 14682 | Lair:2   | Reached ***** piety under Ashenzari
 14855 | Lair:2   | Identified the +6 whip "Teukkim" {pain, Fly rC+ Int-5}
 15300 | Lair:3   | Found a staircase to the Swamp.
 15305 | Lair:3   | Reached skill level 10 in Spellcasting
 15808 | Lair:3   | Reached skill level 10 in Fighting
 15808 | Lair:3   | Reached skill level 10 in Dodging
 16122 | Lair:3   | Reached ****** piety under Ashenzari
 16181 | Lair:3   | Found a staircase to the Snake Pit.
 16573 | Lair:4   | Reached XP level 14. HP: 116/116 MP: 27/30
 16663 | Lair:4   | Reached skill level 10 in Invocations
 16885 | Lair:4   | Noticed Josephine
 16908 | Lair:4   | Killed Josephine
 17194 | Lair:5   | Entered Level 5 of the Lair of Beasts
 17194 | Lair:5   | Found a viscous altar of Jiyva.
 17194 | Lair:5   | Found a staircase to the Slime Pits.
 18549 | Lair:5   | Identified the +11 trident of Recklessness {heavy, rN++
                  | Str+5 Dex-2}
 19070 | Lair:1   | Reached skill level 10 in Shields
 19082 | Lair:1   | Reached skill level 10 in Conjurations
 19189 | Lair:1   | Reached XP level 15. HP: 114/123 MP: 28/32
 19345 | Lair:1   | Reached skill level 10 in Long Blades
 19345 | Lair:1   | Reached skill level 10 in Axes
 19345 | Lair:1   | Reached skill level 10 in Maces & Flails
 19345 | Lair:1   | Reached skill level 10 in Polearms
 19345 | Lair:1   | Reached skill level 10 in Staves
 19345 | Lair:1   | Reached skill level 10 in Ranged Weapons
 19345 | Lair:1   | Reached skill level 10 in Throwing
 19345 | Lair:1   | Reached skill level 10 in Armour
 19345 | Lair:1   | Reached skill level 10 in Stealth
 19345 | Lair:1   | Reached skill level 10 in Unarmed Combat
 19345 | Lair:1   | Reached skill level 10 in Evocations
 19842 | D:7      | Killed tinfoiltophat's ghost
 20405 | D:12     | Found Ydouquochu's Elemental Accessories.
 20622 | D:12     | Identified the +4 robe of Inviolability {rC- Str+5}
 20911 | D:12     | Learned a level 6 spell: Dispersal
 21003 | Orc:1    | Entered Level 1 of the Orcish Mines
 21109 | Orc:1    | Noticed an orc warlord
 21124 | Orc:1    | Killed an orc warlord
 21143 | Orc:1    | Noticed Erolcha
 21153 | Orc:1    | Killed Erolcha
 21423 | Orc:2    | Entered Level 2 of the Orcish Mines
 21440 | Orc:2    | Found a gate leading to a gauntlet.
 21453 | Gauntlet | Entered a Gauntlet
 21453 | Gauntlet | Found a transporter.
 21453 | Gauntlet | Found a transporter.
 21467 | Gauntlet | Found a transporter.
 21471 | Gauntlet | Found a transporter.
 21482 | Gauntlet | Found a transporter.
 21483 | Gauntlet | Found a transporter.
 21487 | Gauntlet | Found a runed translucent door.
 21489 | Gauntlet | Found a runed translucent door.
 21490 | Gauntlet | Identified the +0 pair of gloves "Oninim" {Will+ rCorr}
 21491 | Gauntlet | Found a transporter.
 21508 | Gauntlet | Found a transporter.
 21522 | Gauntlet | Found a transporter.
 21526 | Gauntlet | Found a transporter.
 21534 | Gauntlet | Found a transporter.
 21538 | Gauntlet | Found a transporter.
 21669 | Gauntlet | Reached XP level 16. HP: 134/134 MP: 34/34
 21671 | Gauntlet | Identified the ring "Dattic" {rC+ Will+}
 22058 | Orc:2    | Found a staircase to the Elven Halls.
 22285 | Orc:2    | Found Aruamuhoci's Jewellery Shop.
 22347 | Orc:2    | Noticed Saint Roka
 22485 | Orc:2    | Found Jofosh's Magic Scroll Boutique.
 22788 | Orc:2    | Found Yfyheiss's Antique Armour Shoppe.
 22790 | Orc:2    | Found Dotit's Antique Weapon Emporium.
 22798 | Orc:2    | Bought a pair of crude gloves for 171 gold pieces
 22798 | Orc:2    | Identified the +1 pair of gloves "Vulokoer" {Harm Will-
                  | Str+4} (You bought it in a shop on level 2 of the Orcish
                  | Mines)
 23099 | Orc:2    | Killed Saint Roka
 23318 | D:13     | Reached skill level 10 in Shapeshifting
 23563 | D:13     | Found a gate to the Vaults.
 23578 | D:13     | Identified the of Lohun (You acquired it on level 13 of
                  | the Dungeon)
 23578 | D:13     | Acquired 801 gold pieces
 23738 | D:13     | Found Wiwiu's Serpentskin Sales.
 23751 | D:13     | Bought the Anthology of the Gift for 612 gold pieces
 23758 | D:13     | Learned a level 6 spell: Eringya's Noxious Bog
 24133 | D:13     | Reached XP level 17. HP: 135/144 MP: 37/37
 24541 | D:14     | Found a blossoming altar of Fedhas.
 24780 | D:15     | Entered Level 15 of the Dungeon
 25887 | D:15     | Found a staircase to the Depths.
 26172 | D:12     | Bought Bofagapi's Quarto of the Geologist for 930 gold
                  | pieces
 26172 | D:12     | Bought a lightning rod (4/4) for 600 gold pieces
 26178 | D:12     | Learned a level 5 spell: Borgnjor's Vile Clutch
 26189 | D:12     | Learned a level 7 spell: Orb of Destruction
 26195 | D:12     | Learned a level 5 spell: Irradiate
 26407 | Snake:1  | Entered Level 1 of the Snake Pit
 27051 | Snake:1  | Found Lazalixett's Book Shop.
 27059 | Snake:1  | Found Feafaf's Jewellery Emporium.
 27059 | Snake:1  | Found Xaofeuzo's Book Shop.
 27564 | Snake:2  | Found Kuaschaxa's Specific Store.
 27564 | Snake:2  | Found Fyuw Ado's General Store.
 27771 | Snake:2  | Reached skill level 10 in Hexes
 27771 | Snake:2  | Reached skill level 10 in Summonings
 27771 | Snake:2  | Reached skill level 10 in Necromancy
 27771 | Snake:2  | Reached skill level 10 in Translocations
 27771 | Snake:2  | Reached skill level 10 in Transmutations
 27771 | Snake:2  | Reached skill level 10 in Fire Magic
 27771 | Snake:2  | Reached skill level 10 in Ice Magic
 27771 | Snake:2  | Reached skill level 10 in Air Magic
 27771 | Snake:2  | Reached skill level 10 in Earth Magic
 27771 | Snake:2  | Reached skill level 10 in Poison Magic
 27936 | Snake:2  | Found Emack's Book Shoppe.
 28696 | Snake:3  | Noticed Ocy Usko's ghost (adept TeAE)
 28696 | Snake:3  | Noticed Quegolalo's ghost (adept TeAE)
 28761 | Snake:3  | Found a runed translucent gate.
 28761 | Snake:3  | Found a runed translucent gate.
 28761 | Snake:3  | Found a runed translucent gate.
 28763 | Snake:3  | Noticed Pisudum's ghost (adept DgFi)
 28765 | Snake:3  | Noticed Qich's ghost (journeyman MiFi)
 28773 | Snake:3  | Identified the ring of Moket {rC+ rCorr MP+9}
 28773 | Snake:3  | Identified the +5 sling of the Pillar {heavy, *Slow rElec
                  | rN+++ Int+5}
 28785 | Snake:3  | Found a transporter.
 28793 | Snake:3  | Identified the +10 spear of Xyal {spect, rElec Int+3}
 28810 | Snake:3  | Found a frozen archway.
 28824 | IceCv    | Entered an ice cave
 28833 | IceCv    | Reached XP level 18. HP: 157/158 MP: 40/40
 29776 | Snake:3  | Found Erijuish's Weapon Shop.
 29925 | Snake:3  | Found a transporter.
 30752 | Snake:3  | Killed Pisudum's ghost
 30756 | Snake:3  | Killed Qich's ghost
 30885 | Snake:2  | Killed Ocy Usko's ghost
 30927 | Snake:3  | Killed Quegolalo's ghost
 30991 | Snake:4  | Entered Level 4 of the Snake Pit
 31743 | Snake:4  | Reached XP level 19. HP: 156/166 MP: 35/42
 31862 | Snake:4  | Reached skill level 15 in Shields
 32059 | Snake:4  | Reached skill level 15 in Staves
 32103 | Snake:4  | Got a serpentine rune of Zot
 32661 | Snake:3  | Learned a level 7 spell: Haunt
 32785 | Swamp:1  | Entered Level 1 of the Swamp
 32920 | Swamp:1  | Identified the +7 mace of Peace {elec, rF+}
 32925 | Swamp:1  | Found a hazy altar of Hepliaklqana.
 33278 | Swamp:1  | Noticed Mlioglotl
 33288 | Swamp:1  | Killed Mlioglotl
 34421 | Swamp:3  | Identified the +8 quarterstaff "Fyvoc Equcla" {venom, Fly
                  | Will+ Str+3 Stlth+}
 34937 | Swamp:3  | Found a runed translucent gate.
 34937 | Swamp:3  | Found a runed translucent gate.
 34937 | Swamp:3  | Found a runed translucent gate.
 34972 | Swamp:3  | Noticed Newt's ghost (adept KoHu)
 34982 | Swamp:3  | Identified the ring of the Secret Beds {Ice Int+4 Slay-2}
 34982 | Swamp:3  | Identified the +5 war axe of Koid {freeze, rPois}
 35057 | Swamp:3  | Killed Newt's ghost
 35249 | Swamp:4  | Entered Level 4 of the Swamp
 35594 | Swamp:4  | Reached XP level 20. HP: 153/171 MP: 42/42
 36039 | Swamp:4  | Got a decaying rune of Zot
 36373 | Snake:2  | Bought a manual of Dodging for 960 gold pieces
 36673 | Vaults:1 | Entered Level 1 of the Vaults
 36821 | Vaults:1 | Paralysed by a formless jellyfish for 1 turns
 36926 | Vaults:1 | Reached skill level 15 in Short Blades
 37265 | Vaults:1 | Identified the granite talisman of Gestures {Fly rN++ Int+2
                  | Dex-3}
 37600 | Vaults:1 | Reached skill level 15 in Invocations
 38439 | Vaults:2 | Noticed Norris
 38439 | Vaults:2 | Found Mosepanu's Jewellery Shoppe.
 38455 | Vaults:2 | Killed Norris
 38456 | Vaults:2 | Reached skill level 15 in Dodging
 39226 | Vaults:2 | Reached XP level 21. HP: 172/184 MP: 45/45
 39435 | Vaults:2 | Reached skill level 15 in Spellcasting
 40053 | Vaults:2 | Reached skill level 15 in Fighting
 40388 | Vaults:3 | Identified the +7 chain mail of Boosh {rN+ Str+4 Stlth+}
 40422 | Vaults:3 | Found Otoewk Qiyho's Weapon Boutique.
 40870 | Vaults:3 | Found a runed translucent gate.
 40871 | Vaults:3 | Found a runed translucent gate.
 40909 | Vaults:3 | Found a runed translucent gate.
 40920 | Vaults:3 | Noticed Ziugimmo's ghost (veteran AtMo)
 41155 | Vaults:3 | Found a staircase to the Crypt.
 41576 | Vaults:3 | Noticed Zenata
 41639 | Vaults:3 | Killed Zenata
 41906 | Vaults:3 | Killed Ziugimmo's ghost
 42018 | Vaults:4 | Identified the "Dusit"
 42730 | Vaults:4 | Reached XP level 22. HP: 158/194 MP: 47/47
 43390 | Vaults:4 | Found a runed translucent gate.
 43390 | Vaults:4 | Found a runed translucent gate.
 43391 | Vaults:4 | Found a runed translucent gate.
 43393 | Vaults:4 | Noticed Feshunla's ghost (adept KoEn)
 43406 | Vaults:4 | Identified the +5 dagger of the Lurker {heavy, Str+5}
 43410 | Vaults:4 | Identified the +1 robe "Xackoraer" {Stlth+}
 43512 | Vaults:4 | Reached skill level 15 in Long Blades
 43512 | Vaults:4 | Reached skill level 15 in Axes
 43512 | Vaults:4 | Reached skill level 15 in Maces & Flails
 43512 | Vaults:4 | Reached skill level 15 in Polearms
 43512 | Vaults:4 | Reached skill level 15 in Ranged Weapons
 43512 | Vaults:4 | Reached skill level 15 in Throwing
 43512 | Vaults:4 | Reached skill level 15 in Armour
 43512 | Vaults:4 | Reached skill level 15 in Stealth
 43512 | Vaults:4 | Reached skill level 15 in Unarmed Combat
 43512 | Vaults:4 | Reached skill level 15 in Evocations
 43781 | Vaults:4 | Found the +3 greatsling "Punk" {acid, rCorr}
 43956 | Vaults:4 | Killed Feshunla's ghost
 44517 | Vaults:5 | Identified the "Xummih"
 44517 | Vaults:5 | Identified the "Pemuf"
 44517 | Crypt:3  | Identified the of Cymopeheuf
 44517 | Depths:3 | Identified the "Veawox"
 44517 | Elf:1    | Entered Level 1 of the Elven Halls
 44790 | Elf:1    | Reached skill level 15 in Ice Magic
 45143 | Elf:1    | Identified the +5 dagger of Tinate {spect, rPois Dex+5}
 45620 | Elf:2    | Identified the "Jegas"
 45620 | Elf:2    | Identified the of Pikeomeama
 45620 | Elf:2    | Identified the of Sax Lyag
 45620 | Elf:2    | Identified the "Vorokufe"
 45993 | Elf:2    | Paralysed by an air elemental for 1 turns
 45997 | Elf:2    | Paralysed by an air elemental for 1 turns
 46141 | Elf:2    | Found Tefopna's Jewellery Shop.
 46299 | Elf:2    | Found a runed translucent gate.
 46299 | Elf:2    | Found a runed translucent gate.
 46299 | Elf:2    | Found a runed translucent gate.
 46957 | Elf:2    | Reached XP level 23. HP: 134/202 MP: 33/48
 47248 | Elf:3    | Identified the "Nusishro"
 47248 | Elf:3    | Identified the "Feranol"
 47248 | Elf:3    | Identified the "Cath"
 47248 | Elf:3    | Entered Level 3 of the Elven Halls
 47287 | Elf:3    | Found Zewn's Armour Emporium.
 47313 | Elf:3    | Found Rowi's General Store.
 47774 | Elf:3    | Found Xuelat's Antique Armour Emporium.
 47828 | Elf:3    | Found Kamasixt's Weapon Shop.
 47836 | Elf:3    | Found Wizi's Magic Scroll Shoppe.
 48500 | Elf:3    | Identified the +7 war axe "Ynugej" {antimagic, *Corrode
                  | Dex+5 Stlth+}
 48642 | Elf:3    | Identified the +12 short sword of the Resonant God {freeze,
                  | Will+ Int+2}
 48647 | Elf:3    | Identified the +8 triple sword of Tumult {holy, Will+ Dex-5
                  | Stlth+}
 48796 | Elf:3    | Identified the staff of Contradiction {rPois rCorr Str-3
                  | Stlth+ Air Poison}
 48816 | Elf:3    | Identified the +2 robe of Privacy {Will++ Regen+}
 48895 | Elf:3    | Identified the staff of the Moon {rF- Str+2 Dex+2 Conj}
 48895 | Elf:3    | Identified the +0 ring mail "Xaphyir" {Slay+2}
 48994 | Elf:3    | Identified the "Murchoj" (You acquired it on level 3 of
                  | the Elven Halls)
 48994 | Elf:3    | Acquired the ring of Ucvumagg {rF+ rN++ Will++}
 49255 | D:13     | Learned a level 8 spell: Discord
 49301 | Depths:1 | Entered Level 1 of the Depths
 49627 | Snake:2  | Bought Great Wizards, Vol. VII for 360 gold pieces
 49634 | Snake:2  | Learned a level 5 spell: Yara's Violent Unravelling
 50058 | Depths:1 | Identified the +0 robe "Epteih" {rCorr Str+2}
 50068 | Depths:1 | Noticed Asterion
 50079 | Depths:1 | Killed Asterion
 50521 | Depths:1 | Found Ynlavym's Weapon Emporium.
 50758 | Depths:1 | Found a gateway to Hell.
 51279 | Depths:2 | Found a one-way gate leading to the halls of Pandemonium.
 51677 | Depths:2 | Reached XP level 24. HP: 84/194 MP: 14/47
 52324 | Depths:2 | Reached skill level 15 in Shapeshifting
 52508 | Depths:2 | Found a radiant altar of Vehumet.
 53000 | Depths:3 | Found a one-way gateway to a ziggurat.
 53055 | Depths:3 | Found a magical portal.
 53066 | WizLab   | Entered Alistair's Party Mansion
 53823 | Depths:3 | Acquired the ring "Duic" {Wiz rCorr Int+3}
 53844 | Depths:3 | Reached skill level 15 in Conjurations
 53997 | Depths:3 | Found a corrupted altar of Lugonu.
 53997 | Depths:3 | Found a one-way gate to the infinite horrors of the Abyss.
 54359 | Depths:3 | Identified the +7 short sword of Netzil Dont {freeze, rCorr
                  | Dex+4 Stlth-}
 54420 | Depths:3 | Found a basalt altar of Yredelemnul.
 54991 | Depths:3 | Identified the +7 chain mail of Infinity {Int+3 Dex+3 SInv}
 55126 | Depths:4 | Entered Level 4 of the Depths
 55126 | Depths:4 | Noticed a juggernaut
 55137 | Depths:4 | Killed a juggernaut
 55149 | Depths:4 | Found a flickering gateway to a bazaar.
 55212 | Bazaar   | Entered a bazaar
 55212 | Bazaar   | Found Xaklixt's Antique Armour Shoppe.
 55212 | Bazaar   | Found Hihat's General Store.
 55296 | Bazaar   | Found Jeitt's Magic Scroll Shoppe.
 55312 | Bazaar   | Found Jousk's General Store.
 55324 | Bazaar   | Bought the +10 zealot's sword {holy, Zealotry, *Rage rN+
                  | EV+3} for 1264 gold pieces
 55324 | Bazaar   | Found the +10 zealot's sword {holy, Zealotry, *Rage rN+
                  | EV+3}
 55338 | Bazaar   | Bought a runed hat for 175 gold pieces
 55342 | Bazaar   | Bought a scroll of blinking for 127 gold pieces
 55342 | Bazaar   | Bought a scroll of blinking for 127 gold pieces
 55342 | Bazaar   | Bought a scroll of fog for 68 gold pieces
 55342 | Bazaar   | Bought a scroll of fear for 68 gold pieces
 55738 | Depths:4 | Found a gate to the Realm of Zot.
 55835 | Depths:4 | Reached XP level 25. HP: 200/212 MP: 47/47
 56813 | Crypt:1  | Entered Level 1 of the Crypt
 58294 | Crypt:2  | Identified the ring of Toafarei {rPois rN++ Will+ Int-5
                  | Dex+4}
 58630 | Crypt:3  | Entered Level 3 of the Crypt
 58630 | Crypt:3  | Found a staircase to the Tomb.
 58951 | Crypt:3  | Found a basalt altar of Yredelemnul.
 59398 | Crypt:3  | Found the +7 great mace "Undeadhunter" {deathbane, rN+}
 59897 | Crypt:3  | Identified the +10 spear "Ovotaimn" {drain, rF+ Will+
                  | rCorr}
 59905 | Crypt:3  | Reached XP level 26. HP: 220/220 MP: 48/48
 60118 | Crypt:3  | Found an ancient bone altar of Kikubaaqudgha.
 60457 | Crypt:3  | Identified the +11 dire flail of Lomeytso {heavy, rPois rN+
                  | Str-2}
 60457 | Crypt:3  | Identified the staff of Righteous Anger {+Blink rC+ Dex-3
                  | Conj}
 60533 | Crypt:3  | Learned a level 9 spell: Shatter
 60542 | Crypt:3  | Learned a level 8 spell: Maxwell's Capacitive Coupling
 61028 | Slime:1  | Entered Level 1 of the Pits of Slime
 61062 | Slime:1  | Reached skill level 15 in Hexes
 61062 | Slime:1  | Reached skill level 15 in Summonings
 61062 | Slime:1  | Reached skill level 15 in Necromancy
 61062 | Slime:1  | Reached skill level 15 in Translocations
 61062 | Slime:1  | Reached skill level 15 in Transmutations
 61062 | Slime:1  | Reached skill level 15 in Fire Magic
 61062 | Slime:1  | Reached skill level 15 in Air Magic
 61062 | Slime:1  | Reached skill level 15 in Earth Magic
 61062 | Slime:1  | Reached skill level 15 in Poison Magic
 61138 | Slime:2  | Paralysed by a formless jellyfish for 1 turns
 61386 | Slime:4  | Paralysed by a formless jellyfish for 1 turns
 61485 | Slime:5  | Entered Level 5 of the Pits of Slime
 61575 | Slime:5  | Noticed the Royal Jelly
 61586 | Slime:5  | Killed the Royal Jelly
 61801 | Slime:5  | Identified the +7 long sword of the Forsaken Suns {pain,
                  | Contam rF+ Str+3}
 61861 | Slime:5  | Got a slimy rune of Zot
 61924 | Slime:5  | Identified the dragon-blood talisman "Jups" {Int+4}
 61926 | Slime:5  | Identified the amulet of Kerghasch {Spirit rCorr}
 62006 | Slime:5  | Identified the +0 broad axe "Harr" {elec, MP+9 Str+3}
 62506 | Vaults:5 | Entered Level 5 of the Vaults
 62510 | Vaults:5 | Noticed Bai Suzhen
 63160 | Vaults:5 | Identified the +4 orcbow of Havoc {heavy, Fragile rElec
                  | rPois rC+++}
 63165 | Vaults:5 | Identified the amulet "Diogos" {Acrobat rF+}
 63456 | Vaults:5 | Identified the +1 pair of boots of Vanity {*Corrode rC++}
 63474 | Vaults:5 | Reached XP level 27. HP: 217/225 MP: 48/48
 63688 | Vaults:5 | Noticed an ancient lich
 63697 | Vaults:5 | Killed an ancient lich
 63742 | Vaults:4 | HP: 1/230 [Bai Suzhen/torrent of water (23)]
 63742 | Vaults:4 | Collided with a metal wall

Illustrated notes

Levels and vault maps discovered:
D:1:      dpeg_arrival_prison, layout_loops_ring,
          chequers_serial_rivers_micro_d, minmay_vboxes
D:2:      cheibrodos_old_hovel, layout_basic, serial_shops,
          nicolae_shop_temple_entry_statues_fountains, basic_altar,
          ebering_ecumenical_altar_box
D:3:      layout_basic, uniq_terence, uniq_natasha, uniq_grinder
D:4:      layout_basic, nicolae_elyvilon_temple_path, uniq_edmund,
          uniq_blork_the_orc
D:5:      layout_gridville, serial_shops, nicolae_shop_advertising_works
          [nicolae_subvault_shop_adworks], kennysheep_generic_room_13,
          uniq_eustachio, uniq_crazy_yiuf_cottage
D:6:      hellmonk_ruined_rings, layout_loops_ring
D:7:      layout_basic, lemuel_round_altar, minmay_temple_entry_stoned_glass,
          gammafunk_ghost_gnarly_gnolls
D:8:      layout_basic, zin_statuary, dpeg_lair_monsters
D:9:      layout_stronghold, cheibriados_altar_1, tgw_xom, orc_0_dummy,
          serial_demonic, serial_demonic_f, serial_demonic_f, serial_demonic_d,
          serial_demonic_f, minmay_misc_feat_plants
D:10:     layout_small_grid, palyth_temple_overflow_mages, bloody_makhleb,
          nicolae_overflow_hidden_temple, mainiacjoe_overflow_24_doors
D:11:     cheibrodos_fzero, layout_loops_corners, lightli_orcish_oven,
          uniq_maurice
D:12:     layout_loops_ring, nicolae_elemental_shop
D:13:     layout_loops_corners, hellmonk_vaults_attempted_burglary,
          guppyfry_shop_venom
D:14:     layout_small_grid, fedhas_altar_3
D:15:     grunt_enter_depths_magical_seal, layout_layer_cave, serial_bayou,
          serial_bayou_pond_d, serial_bayou_lake_a, serial_bayou_pond_c,
          serial_bayou_ford_a, serial_bayou_pond_c, minmay_door_square,
          minivault_22, minmay_misc_feat_columns
Temple:   nicolae_temple_bog_church
Lair:1:   layout_cave_pods
Lair:2:   layout_gridlike, grunt_megastairs_3, serial_bayou_shore_b
Lair:3:   layout_roguey, nicolae_swamp_entry_spooky, nicolae_snake_entry_squirm
Lair:4:   layout_long_grid, lemuel_fruit_tree, uniq_josephine
Lair:5:   gammafunk_lair_ancient_temple, layout_hall_layers, slime_entry_1
Swamp:1:  layout_falls_marsh, nicolae_swamp_godswood, swamp_pool4,
          uniq_mlioglotl
Swamp:2:  nicolae_swamp_ascending_descending, layout_falls_marsh,
          evilmike_swamp_ruin_house_3
Swamp:3:  layout_basic_swamp, gammafunk_ghost_hydra_chop,
          nicolae_swamp_very_dense_foliage
Swamp:4:  swamp_alternative, layout_basic_swamp, swamp_pool3
Snake:1:  layout_rooms, statue_in_the_mist_lemuel, minmay_shop_grove
Snake:2:  layout_chambers, serial_shops, shop, nicolae_specific_store, drop_trap
Snake:3:  gammafunk_sealed_arena, layout_grid_maze, serial_shops,
          nicolae_shop_behind_doors, gammafunk_ghost_cemetery,
          portal_ice_cave_entry_ice_statue_one, st_stairs_9
Snake:4:  grunt_snake_rune_serpentine_throne, layout_onion_interference,
          nicolae_snake_salamander_jacuzzi, grunt_megastairs_2
Slime:1:  layout_caves
Slime:2:  layout_caves, nicolae_slime_getting_an_eyeful
Slime:3:  layout_caves, cheibrodos_slime_lost_civilization_4
Slime:4:  layout_caves, special_room [special_room_jelly]
Slime:5:  slime_pit_nicolae_trefoil
Orc:1:    layout_diamond_mine, guppyfry_orc_lava_fort, uniq_erolcha
Orc:2:    grunt_orc_community_town_hall, layout_caves,
          grunt_orc_community_big_house_2, grunt_orc_community_big_house_2,
          grunt_orc_community_house_2, grunt_orc_community_house_2,
          grunt_orc_community_house_3, grunt_orc_community_house_1,
          grunt_orc_community_house_2, grunt_orc_community_house_3,
          gauntlet_entry_generic
Elf:1:    layout_onion_city, hangedman_elf_disciples
Elf:2:    nicolae_elf_blades_splatter_lattice [nicolae_blade_little_rooms],
          layout_onion_city, serial_shops, shop, nicolae_elf_elemental_lessons
Elf:3:    minmay_elf_hall_not_hex, layout_onion_city, serial_shops,
          nicolae_shop_pleasant_corner_grove, nicolae_shop_waterfront, shop,
          nicolae_shop_bloodbath_and_beyond, nicolae_shop_just_a_little_nook
Vaults:1: vaults_mumra_hex, ontoclasm_vaults_hangar, nicolae_vaults_trapezoid_3,
          nicolae_vaults_stairing_the_circle, v_alt_pattern_5,
          nicolae_vaults_little_squares_3, nicolae_vaults_surprise_closet,
          nicolae_vaults_closet_pinwheel_6, nicolae_vaults_shelves_hall,
          nicolae_vaults_shelves_hall, layout_vaults_omnigrid
Vaults:2: hangedman_vaults_stream, ontoclasm_vaults_spin, nicolae_vaults_swerve,
          hangedman_vaults_slice, hangedman_vaults_stagger,
          nicolae_vaults_hexular_roomagon, nicolae_vaults_murderbox,
          nicolae_vaults_diagonal_hallway_7, nicolae_vaults_tetromino_L_2,
          hangedman_vaults_nails, hangedman_vaults_nails,
          ontoclasm_vaults_gateway, ontoclasm_vaults_decontamination,
          nicolae_vaults_trapezoid_lopsided_1, nicolae_vaults_tetromino_Z_1,
          nicolae_vaults_diamond_1, layout_vaults_ring, serial_shops, shop,
          uniq_norris
Vaults:3: ebering_ghost_rock_garden, hangedman_vaults_maws, vaults_room_corners,
          v_misc_11, vaults_room_pools, nicolae_vaults_little_squares_1,
          ontoclasm_vaults_gallery, v_alt_pattern_6,
          vaults_mumra_minichess_inversion, v_pattern_5,
          blue_anna_dwarven_crypt, vaults_dpeg_ring, layout_vaults_omnicross,
          serial_shops, nicolae_shop_just_a_little_nook, uniq_zenata
Vaults:4: gammafunk_ghost_split, nicolae_vaults_apartment_1,
          nicolae_vaults_angled_halls, nicolae_vaults_inception_statues,
          nicolae_vaults_house_3, nicolae_vaults_hexular_roomagon, v_rooms_3,
          nicolae_vaults_layer_cake_slice, hangedman_vaults_corner_blocks,
          nicolae_vaults_border_crossing, st_check,
          nicolae_vaults_specimen_jars, nicolae_vaults_ninety_degrees,
          grunt_vaults_swirl, dpeg_vaults_monster_row,
          nicolae_vaults_hallways_thing, nicolae_vaults_sesquioval_fish,
          nicolae_vaults_diamond_2, layout_vaults_maze
Vaults:5: uniq_bai_suzhen
Crypt:1:  layout_rooms, grunt_crypt_arrival_split, grunt_megastairs_4
Crypt:2:  layout_gridlike, evilmike_ambush [evilmike_ambush_outer_pillars,
          evilmike_ambush_inner_wall_2], grunt_megastairs_1
Crypt:3:  due_elkab, layout_chaotic_city, tomb_entry_forgotten_bobbens,
          st_stairs_8, lemuel_statue_altar, lemuel_mausoleum_altar_kikubaaqudgha
Depths:1: layout_long_grid, pf_hell_entry_tar_spiral, serial_shops, shop,
          serial_sigils_hangedman_snap, hangedman_stitches_earthworm,
          uniq_saint_roka, uniq_asterion
Depths:2: minmay_triangles_in_corner, layout_honeycomb, grunt_pan_entry_zigzag,
          hell_entry, fiery_altar_vehumet, minmay_staircase_windowed_small
Depths:3: cheibrodos_quadrivalence, layout_gridlike, enter_ziggurat_f,
          yredelemnul_altar_generic, mu_enter_wizlab_5, lightli_too_deep,
          abyss_entry_flame_altar, grunt_megastairs_5,
          infiniplex_staircase_pool_1
Depths:4: evilmike_zot_entry_argh, layout_long_grid, hangedman_coc_ice_floe,
          serial_shops, bzr_entry_dummy, rand_demon_pan_entry_5,
          minmay_misc_feat_four_crosses, chequers_serial_rivers_micro_b,
          serial_sigils_hangedman_carve, kennysheep_flooded_box

Skill      XL: |  1  2  3  4  5  6  7  8  9 10 11 12 13 14 15 16 17 18 19 20 21 22 23 24 25 26 |
---------------+-------------------------------------------------------------------------------+-----
Spellcasting   | 5 6 7 8 9 10 11 12 13 14 15 16 17 18 | 18.8
Invocations    | 1 2 3 4 5 7 8 9 10 11 12 13 14 15 16 17 18 19 | 19.7
Long Blades    | 1 2 3 4 6 7 8 9 10 11 12 13 14 15 16 17 18 | 18.2
Axes           | 1 2 3 4 6 7 8 9 10 11 12 13 14 15 16 17 18 | 18.2
Maces & Flails | 1 2 3 4 6 7 8 9 10 11 12 13 14 15 16 17 18 | 18.2
Polearms       | 1 2 3 4 6 7 8 9 10 11 12 13 14 15 16 17 18 | 18.2
Staves         | 1 2 3 4 6 7 8 9 11 13 14 16 17 18 19 20 21 22 23 | 23.2
Ranged Weapons | 1 2 3 4 6 7 8 9 10 11 12 13 14 15 16 17 18 | 18.2
Throwing       | 1 2 3 4 6 7 8 9 10 11 12 13 14 15 16 17 18 | 18.2
Armour         | 1 2 3 4 6 7 8 9 10 11 12 13 14 15 17 18 19 20 | 20.8
Stealth        | 1 2 3 4 6 7 8 9 10 11 12 13 14 15 16 17 18 | 18.2
Shields        | 1 2 3 4 6 7 8 9 10 11 12 13 14 16 17 18 19 20 21 22 23 | 23.3
Unarmed Combat | 1 2 3 4 6 7 8 9 10 11 12 13 14 15 16 17 18 | 18.2
Evocations     | 1 2 3 4 6 7 8 9 10 11 12 13 14 15 16 17 18 | 18.2
Shapeshifting  | 1 2 3 4 5 6 7 8 9 10 11 12 13 14 15 16 | 16.8
Hexes          | 1 2 3 4 5 6 7 8 9 10 11 12 13 14 15 | 15.5
Summonings     | 1 2 3 4 5 6 7 8 9 10 11 12 13 14 15 | 15.5
Necromancy     | 1 2 3 4 5 6 7 8 9 10 11 12 13 14 15 | 15.5
Translocations | 1 2 3 4 5 6 7 8 9 10 11 12 13 14 15 | 15.5
Transmutations | 1 2 3 4 5 6 7 8 9 10 11 12 13 14 15 | 15.5
Fire Magic     | 1 2 3 4 5 6 7 8 9 10 11 12 13 14 15 | 15.5
Ice Magic      | 1 2 3 4 5 6 7 8 9 10 11 12 13 14 15 16 17 18 19 | 19.2
Air Magic      | 1 2 3 4 5 6 7 8 9 10 11 12 13 14 15 | 15.5
Earth Magic    | 1 2 3 4 5 6 7 8 9 10 11 12 13 14 15 | 15.5
Poison Magic   | 1 2 3 4 5 6 7 8 9 10 11 12 13 14 15 | 15.5
Fighting       | 5 6 8 9 10 11 12 13 14 15 16 17 18 | 18.7
Dodging        | 5 6 8 9 10 11 12 13 14 15 16 17 18 19 20 22 | 22.1
Short Blades   | 7 8 9 10 11 12 13 14 15 16 17 18 19 | 19.2
Conjurations   | 6 7 8 9 10 11 12 13 14 15 16 | 16.4

Action                     |  1- 3 |  4- 6 |  7- 9 | 10-12 | 13-15 | 16-18 | 19-21 | 22-24 | 25-27 || total
---------------------------+-------+-------+-------+-------+-------+-------+-------+-------+-------++-------
  Melee: Short sword       |   112 |   200 |    90 |       |       |       |       |       |       ||   402
         Bite              |    12 |    14 |    38 |    77 |   113 |   119 |   225 |   240 |   273 ||  1111
         Punch             |       |     4 |    11 |    20 |       |       |       |       |       ||    35
         Dagger            |       |       |   190 |   416 |   494 |       |       |       |       ||  1100
         Trident           |       |       |       |       |   232 |   957 |  1397 |  1419 |       ||  4005
         Eudemon blade     |       |       |       |       |       |       |       |    44 |  1313 ||  1357
  Throw: Boomerang         |       |       |       |       |       |     4 |       |       |       ||     4
         Javelin           |       |       |       |       |       |       |       |       |     2 ||     2
   Cast: Momentum Strike   |     3 |    14 |    45 |    14 |       |       |       |       |       ||    76
         Kiss of Death     |       |     2 |     7 |       |       |       |       |       |       ||     9
         Hailstorm         |       |     1 |    33 |    38 |     7 |       |       |       |       ||    79
         Mephitic Cloud    |       |       |     6 |       |     1 |       |       |       |       ||     7
         Dispel Undead     |       |       |       |     6 |    14 |    12 |     9 |     5 |     4 ||    50
         Summon Lightning  |       |       |       |     2 |    55 |    52 |    14 |       |       ||   123
         Freezing Cloud    |       |       |       |     1 |    13 |    16 |       |       |       ||    30
         Borgnjor's Vile C |       |       |       |       |       |    31 |    67 |    48 |     8 ||   154
         Irradiate         |       |       |       |       |       |     8 |    23 |    42 |     3 ||    76
         Eringya's Noxious |       |       |       |       |       |       |    20 |     2 |       ||    22
         Orb of Destructio |       |       |       |       |       |       |     2 |       |       ||     2
         Discord           |       |       |       |       |       |       |       |    19 |    25 ||    44
         Yara's Violent Un |       |       |       |       |       |       |       |     5 |     3 ||     8
         Haunt             |       |       |       |       |       |       |       |     1 |       ||     1
         Maxwell's Capacit |       |       |       |       |       |       |       |       |     1 ||     1
 Invoke: Curse Item        |       |       |     1 |     6 |     5 |     3 |     1 |     1 |       ||    17
         Shatter the Chain |       |       |       |       |     3 |     2 |     1 |     2 |       ||     8
Ability: Evoke Invisibilit |       |       |       |       |       |       |       |     1 |       ||     1
  Evoke: Wand              |       |       |       |     2 |     5 |       |     1 |     3 |     2 ||    13
         Phial of floods   |       |       |       |       |       |     1 |       |       |       ||     1
         Lightning rod     |       |       |       |       |       |       |     3 |     6 |     4 ||    13
         Tin of tremorston |       |       |       |       |       |       |       |     1 |     2 ||     3
         Phantom mirror    |       |       |       |       |       |       |       |       |     1 ||     1
    Use: Scroll            |     4 |       |     2 |     4 |       |     6 |       |     5 |     6 ||    27
         Potion            |       |       |       |     3 |     1 |     1 |       |     1 |     7 ||    13
   Stab: Sleeping          |       |     2 |     9 |    24 |    29 |    36 |    39 |    50 |    35 ||   224
         Confused          |       |       |     5 |       |     1 |       |       |       |       ||     6
         Distracted        |       |       |       |     4 |    14 |    21 |    16 |     8 |    12 ||    75
         Petrified         |       |       |       |       |       |     2 |       |       |       ||     2
         Invisible         |       |       |       |       |       |       |       |     1 |       ||     1
 Armour: Leather armour    |    40 |    53 |   141 |    35 |       |       |       |       |       ||   269
         Ring mail         |       |       |       |   149 |   265 |   421 |   721 |   542 |   408 ||  2506
  Dodge: Dodged            |    35 |    68 |   129 |   219 |   304 |   363 |   737 |   530 |   644 ||  3029
  Block: Other             |    11 |    34 |    57 |    15 |       |       |       |       |       ||   117
         Reflection        |     2 |     1 |       |     1 |       |       |       |       |       ||     4
         Kite shield       |       |       |       |    51 |   431 |   717 |  1287 |  1033 |  1046 ||  4565

Table legend: (Time is in decaauts)
 A = Elapsed time spent in this place.
 B = Non-inter-level travel time spent in this place.
 C = Inter-level travel time spent in this place.
 D = Time resting spent in this place.
 E = Time spent auto-exploring this place.
 F = Levels seen in this place.
 G = Mean time per level.
                   A        B        C        D        E       F      G
               +--------+--------+--------+--------+--------+-----+--------+
         Total |  62969 |  56185 |   6784 |   2432 |  37094 |  55 | 1144.9 |
       Dungeon |  19417 |  16419 |   2998 |    945 |  11737 |  15 | 1294.5 |
        Temple |     26 |      2 |     24 |      0 |      0 |   1 |   26.0 |
          Lair |   6356 |   5138 |   1218 |    221 |   3377 |   5 | 1271.2 |
         Swamp |   3706 |   3454 |    252 |      0 |   2472 |   4 |  926.5 |
     Snake Pit |   5491 |   4901 |    590 |    447 |   2886 |   4 | 1372.8 |
    Slime Pits |   1022 |    950 |     72 |    343 |    117 |   5 |  204.4 |
  Orcish Mines |   2002 |   1776 |    226 |      0 |   1160 |   2 | 1001.0 |
   Elven Halls |   4516 |   4334 |    182 |      0 |   3020 |   3 | 1505.3 |
        Vaults |   9085 |   8334 |    751 |    476 |   5111 |   5 | 1817.0 |
         Crypt |   3598 |   3347 |    251 |      0 |   2326 |   3 | 1199.3 |
        Depths |   5711 |   5494 |    217 |      0 |   3790 |   4 | 1427.8 |
        Bazaar |    138 |    138 |      0 |      0 |    104 |   1 |  138.0 |
      Ice Cave |    853 |    853 |      0 |      0 |    462 |   1 |  853.0 |
        Wizlab |    747 |    747 |      0 |      0 |    396 |   1 |  747.0 |
      Gauntlet |    294 |    294 |      0 |      0 |    134 |   1 |  294.0 |
               +--------+--------+--------+--------+--------+-----+--------+

Top non-repeatable levels by time:
Vaults:1: 2280 daAuts
     D:9: 2062 daAuts
Vaults:4: 2022 daAuts
Vaults:3: 2019 daAuts
 Snake:3: 1899 daAuts
Depths:2: 1879 daAuts
 Crypt:3: 1823 daAuts
 Snake:2: 1752 daAuts
   Elf:3: 1751 daAuts
Vaults:2: 1663 daAuts
    D:11: 1644 daAuts
  Lair:5: 1638 daAuts
   Elf:2: 1632 daAuts
     D:6: 1594 daAuts
  Lair:3: 1579 daAuts
